Cogmind - Beta 15 @@@ ROGUE MODE // 2025.07.31 @ 08:57:35 Player: Aon Result: Destroyed by Y-45 Defender with Heavy Assault Rifle Performance ------------- Evolutions (2) 1000 Regions Visited (4) 800 Robots Destroyed (24) 120 Value Destroyed (682) 682 Prototype IDs (0) 0 Alien Tech Used (0) 0 Bonus (0) 0 TOTAL SCORE: 2602 Bonus ------- None Cogmind --------- Core Integrity 0/550 Matter 42/300 Energy 100/100 System Corruption 0% Temperature Cool (18) Movement Core (50) Location -8/Materials Parts ------- > --- POWER (3) -------- (None) > --- PROPULSION (4) --- (None) > --- UTILITY (2) ------ Advanced Targeting Computer Improved Weapon Shielding > --- WEAPON (2) ------- (None) > --- INVENTORY (5) ---- Advanced Targeting Computer Improved Light Armor Plating High-powered Tractor Beam Ion Cannon Peak State ------------ > --- POWER ------------ Improved Ion Engine Improved Ion Engine > --- PROPULSION ------- Xenon Bombardment Thruster Xenon Bombardment Thruster Xenon Bombardment Thruster > --- UTILITY ---------- Advanced Targeting Computer > --- WEAPON ----------- Improved Grenade Launcher > --- INVENTORY -------- (None) [Rating: 22] Favorites ----------- Power Ion Engine Engine Ion Engine Propulsion Aluminum Leg Leg Aluminum Leg Wheel Wheel Flight Unit Xenon Bombardment Thruster Utility Advanced Targeting Computer Device Shield Generator Processor Advanced Targeting Computer Protection Improved Weapon Shielding Weapon Hammer Energy Gun EM Pulse Gun Energy Cannon Ion Cannon Launcher Improved Grenade Launcher Impact Weapon Hammer Special Melee Weapon Datajack Build | -11 -10 -9 -9 -8 ------- Run | Yrd Mat Mat Min Mat Slots Evolved 4 | . . 2 . 2 Power 2 | . . 2 . . Propulsion 2 | . . . . 2 Utility . | . . . . . Weapon . | . . . . . Parts Attached 31 | 5 4 5 4 13 Power 3 | 1 . . . 2 Engine 3 | 1 . . . 2 Core . | . . . . . Reactor . | . . . . . Propulsion 12 | 2 2 4 . 4 Treads . | . . . . . Leg 3 | 2 . 1 . . Wheel 2 | . 2 . . . Hover . | . . . . . Flight 7 | . . 3 . 4 Utility 5 | . . . 2 3 Device 3 | . . . 2 1 Storage . | . . . . . Processor 1 | . . . . 1 Hackware . | . . . . . Protection 1 | . . . . 1 Artifact . | . . . . . Weapon 11 | 2 2 1 2 4 Energy Gun 2 | 2 . . . . Energy Cannon 3 | . . 1 . 2 Ballistic Gun . | . . . . . Ballistic Cannon . | . . . . . Launcher 2 | . . . . 2 Special Weapon . | . . . . . Impact Weapon 2 | . 2 . . . Slashing Weapon . | . . . . . Piercing Weapon . | . . . . . Special Melee Weapon 2 | . . . 2 . Unidentified Prototypes . | . . . . . Parts Lost 16 | . 3 3 3 7 Power 3 | . . 1 . 2 Propulsion 6 | . 1 2 . 3 Utility 2 | . . . 1 1 Weapon 5 | . 2 . 2 1 Highest Loss Streak 2 | . 2 2 2 2 To Critical Strikes 1 | . . . 1 . Average Backups 3 | . 4 3 1 2 Power . | . . . . . Propulsion 1 | . 2 1 . . Utility . | . . 1 1 . Weapon . | . . . . 1 Tool/Special . | . . . . . Unused Backups 5 | . 2 . . 3 Power . | . . . . . Propulsion 2 | . 2 . . . Utility 3 | . . . . 3 Weapon . | . . . . . Tool/Special . | . . . . . Average Slot Usage (%) 48 | . 69 40 24 35 Engine 7 | . 14 4 . 4 Leg 7 | . 19 1 . . Wheel 4 | . 7 11 . . Flight 6 | . . 4 8 14 Device 1 | . . . 4 1 Processor 2 | . . . . 8 Energy Gun 5 | . 15 . . . Impact Weapon 7 | . 10 18 5 . Peak Build Rating 22 | 5 5 5 5 22 Average Rating 7 | 3 4 3 2 13 On Entrance 3 | . 5 5 3 4 Naked Turns 6 | . . . 6 . Heaviest Build 20 | 9 9 9 4 20 Greatest Support 20 | 20 20 20 4 18 Greatest Overweight (x) 1 | . . 1 1 1 Average Overweight (x) . | . . . . . Largest Inventory Capacity 5 | 5 5 5 5 5 Average Capacity 5 | 5 5 5 5 5 Most Carried 5 | . 5 5 3 5 Average Carried 3 | . 4 3 1 2 Final Capacity 5 | 5 5 5 5 5 Final Carried 5 | . 5 2 1 4 Class Distribution -------------------- 100% | Mutant Dominant Class ---------------- Mutant | -10/Materials Mutant | -9/Materials Mutant | -9/Mines Mutant | -8/Materials Resources | -11 -10 -9 -9 -8 ----------- Run | Yrd Mat Mat Min Mat Matter Collected 624 | 206 269 20 47 82 Remotely . | . . . . . Salvage Created 594 | . 291 66 . 237 Parts 27 | . 8 . . 19 Haulers Intercepted . | . . . . . Recyclers Shooed . | . . . . . Parts Field Recycled . | . . . . . Retrieved Matter . | . . . . . Parts Self-Destructed . | . . . . . Prevented . | . . . . . Kills | -11 -10 -9 -9 -8 ------- Run | Yrd Mat Mat Min Mat Combat Hostiles Destroyed 18 | . 6 3 . 9 Melee 6 | . 4 2 . . Guns 1 | . 1 . . . AOE 9 | . . . . 9 Classes Destroyed 8 | . 5 . . 3 Builder 1 | . . . . 1 Tunneler 2 | . 1 . . 1 Recycler 1 | . 1 . . . Watcher 2 | . 1 1 . . Swarmer 5 | . 2 3 . . Grunt 9 | . 4 . . 5 Brawler 1 | . . . . 1 Sentry 3 | . . . . 3 Best Kill Streak 7 | . 7 4 . 7 Combat Bots Only 5 | . 3 3 . 5 Max Kills in Single Turn 2 | . 1 2 . 2 Gunslinging . | . . . . . Exploded 2 | . . . . 2 Melee 2 | . 1 2 . . Uniques/NPCs Destroyed . | . . . . . Combat | -11 -10 -9 -9 -8 -------- Run | Yrd Mat Mat Min Mat Hostile Shots Fired 331 | . 67 109 44 111 Missed 128 | . 20 46 18 44 Hits 203 | . 47 63 26 67 Projectile 203 | . 47 63 26 67 Critical Strikes 5 | . . 1 1 3 Damage Taken 2205 | . 477 533 214 981 Core 1090 | . 132 266 125 567 Absorbed by Shields 38 | . . . 9 29 Core Remaining (%) 49 | 100 47 . 2 . Volleys Fired 36 | . 13 2 . 21 Largest 2 | . 2 1 . 1 Hottest 80 | . 80 68 . 60 Shots Fired 49 | . 26 2 . 21 Gun 26 | . 26 . . . Cannon 6 | . . 2 . 4 Launcher 17 | . . . . 17 Special . | . . . . . Kinetic . | . . . . . Thermal 6 | . . 2 . 4 Explosive 17 | . . . . 17 Electromagnetic 26 | . 26 . . . Robot Hit Streak 4 | . 2 . . 4 Robot Miss Streak 5 | . 5 3 . 5 Penetration Max . | . . . . . Secondary Targets 1 | . 1 . . . Max Gunslinging Chain 1 | . 1 . . . Shots Hit Robots 37 | . 22 5 3 7 Core Hits 36 | . 5 1 . 30 Critical Kills 2 | . 2 . . . Critical Parts Destroyed 5 | . 4 1 . . Critical Strikes 7 | . 6 1 . . Smash 7 | . 6 1 . . Melee Attacks 36 | . 21 8 7 . Impact 36 | . 21 8 7 . Slashing . | . . . . . Piercing . | . . . . . Sneak Attacks 2 | . 2 . . . Combat Hostiles . | . . . . . Follow-up Attacks 6 | . 4 2 . . Damage Inflicted 2031 | . 509 136 80 1306 Guns 105 | . 105 . . . Cannons 70 | . . . . 70 Explosions 1227 | . . . . 1227 Melee 611 | . 404 136 71 . Ramming 18 | . . . 9 9 Kinetic . | . . . . . Thermal 299 | . . . . 299 Explosive 998 | . . . . 998 Electromagnetic 105 | . 105 . . . Impact 611 | . 404 136 71 . Slashing . | . . . . . Piercing . | . . . . . Highest Corruption 1 | . . 1 1 . Average Corruption 1 | . . 1 1 . Corruption Purged . | . . . . . Corruption Blocked . | . . . . . Effects 1 | . . . 1 . Heat Flow Errors 1 | . . . 1 . Overload Shots . | . . . . . Overflow Damage 234 | . 134 45 5 50 Projectiles . | . . . . . Explosions 50 | . . . . 50 Melee 184 | . 134 45 5 . Knockbacks 1 | . 1 . . . Impact 1 | . 1 . . . Kinetic . | . . . . . Secondary . | . . . . . Self-Inflicted Damage 131 | . . . 4 127 Shots 3 | . . . . 3 Rammed 6 | . . . 2 4 Targets Rammed 6 | . . . 2 4 Kicked . | . . . . . Crushed . | . . . . . Highest Temperature 135 | . 135 30 121 67 Average Temperature 48 | . 65 16 72 21 Received Heat Transfer 547 | . 165 33 8 341 Siege Activations . | . . . . . Martial Activations . | . . . . . Shielding Activations . | . . . . . Robots Disrupted . | . . . . . Combat Hostiles . | . . . . . Robots Corrupted 5 | . 3 2 . . Combat Hostiles 2 | . 1 1 . . Parts Fried 11 | . 8 3 . . Impact Corruptions 12 | . 7 4 1 . Robots Melted . | . . . . . Combat Hostiles . | . . . . . Parts Melted . | . . . . . Heat Transferred 261 | . . . . 261 Parts Sabotaged . | . . . . . Parts Stolen . | . . . . . Parts Stripped . | . . . . . Power Chain Reactions . | . . . . . Alert | -11 -10 -9 -9 -8 ------- Run | Yrd Mat Mat Min Mat Maximum Alert Level 1 | . . . . 1 Low Security (%) 84 | 100 100 100 100 53 Level 1 15 | . . . . 46 Level 2 . | . . . . . Level 3 . | . . . . . Level 4 . | . . . . . Level 5 . | . . . . . High Security . | . . . . . Max Security . | . . . . . Peak Influence 300 | . 60 97 123 300 Initial 43 | . . 3 33 43 Average 63 | . 10 36 73 144 Influence Increases 986 | . 147 162 150 527 Destroy 0b10 Robot/C 360 | . 120 60 . 180 Destroy 0b10 Robot/NC 30 | . 15 5 . 10 Destroy Leader 64 | . 12 2 . 50 Successful Hack 5 | . . 5 . . Disable Machine 30 | . . . . 30 Destroy Structure 92 | . . . . 92 Partial Spotted 30 | . . . . 30 Lose Combat Pursuer 375 | . . 90 150 135 Influence Decreases 906 | . 137 85 124 560 Entered New Map 131 | . . 7 54 70 Time Decay 315 | . 77 58 40 140 Lost Part 140 | . 20 20 30 70 Purge Threat 320 | . 40 . . 280 Squads Dispatched 9 | . . 1 . 8 Investigation 3 | . . . . 3 Extermination . | . . . . . Reinforcement 6 | . . 1 . 5 Assault . | . . . . . Garrison . | . . . . . Intercept . | . . . . . Searches Triggered . | . . . . . Construction Impeded 1 | . . . . 1 Haulers Reinforced . | . . . . . Active Scanning Responses . | . . . . . Cargo Convoy Interrupts . | . . . . . Stealth | -11 -10 -9 -9 -8 --------- Run | Yrd Mat Mat Min Mat Distress Signals 2 | . . 1 . 1 Communications Jammed . | . . . . . Distress Signals . | . . . . . Times Spotted 81 | . 11 22 11 37 Peak Tracking Total 13 | . 6 12 4 13 Tactical Retreats 11 | . . 2 5 4 Traps | -11 -10 -9 -9 -8 ------- Run | Yrd Mat Mat Min Mat Traps Triggered 1 | . . 1 . . Indirectly . | . . . . . Trap Hack Attempts . | . . . . . Triggered . | . . . . . Disarmed 2 | . . . . 2 Reprogrammed . | . . . . . Reused . | . . . . . Traps Extracted . | . . . . . Installed . | . . . . . Triggered . | . . . . . Machines | -11 -10 -9 -9 -8 ---------- Run | Yrd Mat Mat Min Mat Machines Disabled 2 | . . . . 2 Max in Single Turn 1 | . . . . 1 Machines Repaired . | . . . . . Machines Dismantled . | . . . . . Machines Sabotaged . | . . . . . Overloaded Fab Kills . | . . . . . Hacking | -11 -10 -9 -9 -8 --------- Run | Yrd Mat Mat Min Mat Machines Accessed 8 | . 1 2 . 5 Terminals 7 | . 1 2 . 4 Fabricators . | . . . . . Repair Stations . | . . . . . Recycling Units 1 | . . . . 1 Scanalyzers . | . . . . . Garrison Access . | . . . . . Total Hacks 18 | . 1 2 . 15 Successful 12 | . 1 2 . 9 Failed 6 | . . . . 6 Catastrophic . | . . . . . Database Lockouts . | . . . . . Manual . | . . . . . Terminals 14 | . 1 2 . 11 Fabricators . | . . . . . Repair Stations . | . . . . . Recycling Units 4 | . . . . 4 Scanalyzers . | . . . . . Garrison Access . | . . . . . Terminal Hacks 9 | . 1 2 . 6 Emergency Access Points 2 | . . 1 . 1 Unreport Threat 3 | . 1 . . 2 Disarm Traps 2 | . . . . 2 Zone Layout 2 | . . 1 . 1 Fabricator Hacks . | . . . . . Repair Station Hacks . | . . . . . Recycling Unit Hacks 3 | . . . . 3 Recycle Component 1 | . . . . 1 Process 1 | . . . . 1 Retrieve Matter 1 | . . . . 1 Scanalyzer . | . . . . . Garrison Access Hacks . | . . . . . Unauthorized Hacks . | . . . . . Terminals . | . . . . . Fabricators . | . . . . . Repair Stations . | . . . . . Recycling Units . | . . . . . Scanalyzers . | . . . . . Garrison Access . | . . . . . Data Cores Recovered . | . . . . . Used . | . . . . . Hacking Detections 5 | . 1 . . 4 Full Trace Events 3 | . . . . 3 Feedback Events . | . . . . . Feedback Blocked . | . . . . . Robot Schematics Acquired . | . . . . . Robots Built . | . . . . . Authchips . | . . . . . Time . | . . . . . Total Robot Build Rating . | . . . . . Part Schematics Acquired . | . . . . . Parts Built . | . . . . . Authchips . | . . . . . Time . | . . . . . Total Part Build Rating . | . . . . . Parts Repaired . | . . . . . Time . | . . . . . Parts Recycled 1 | . . . . 1 Recycled Matter . | . . . . . Retrieved Matter . | . . . . . Retrieved Components . | . . . . . Parts Scanalyzed . | . . . . . Part Schematics Acquired . | . . . . . Parts Damaged . | . . . . . Bothacking | -11 -10 -9 -9 -8 ------------ Run | Yrd Mat Mat Min Mat Used RIF Installer . | . . . . . Robots Hacked . | . . . . . Non-combat . | . . . . . Combat . | . . . . . Robot Hacks Applied . | . . . . . Relay Couplers Released . | . . . . . Fabnet Peak Effective % . | . . . . . Robots Rewired . | . . . . . Allies Hacked . | . . . . . Hacks Repelled . | . . . . . Allies | -11 -10 -9 -9 -8 -------- Run | Yrd Mat Mat Min Mat Total Allies . | . . . . . Largest Group . | . . . . . Highest-Rated Group . | . . . . . Highest-Rated Ally . | . . . . . Total Orders . | . . . . . Ally Attacks . | . . . . . Total Damage . | . . . . . Kills . | . . . . . Allies Corrupted . | . . . . . Allies Melted . | . . . . . Intel | -11 -10 -9 -9 -8 ------- Run | Yrd Mat Mat Min Mat Active Infowar (turns) . | . . . . . Robot Analysis Total . | . . . . . Derelict Logs Recovered 2 | . . . 2 . Drone Launches . | . . . . . Drone Recoveries . | . . . . . Exploration | -11 -10 -9 -9 -8 ------------- Run | Yrd Mat Mat Min Mat Turns Passed 1040 | 74 366 175 85 340 Spaces Moved 1161 | 59 250 226 131 495 Core 88 | 5 . 43 8 32 Treads . | . . . . . Legs 232 | 54 159 19 . . Wheels 178 | . 91 87 . . Hover . | . . . . . Flight 663 | . . 77 123 463 Fastest Speed 34 | 50 80 37 40 34 Average Speed 66 | 114 105 64 40 49 Slowest Speed 120 | 120 120 120 100 120 Overloaded Moves . | . . . . . Propulsion Burnouts . | . . . . . Robots Hopped 1 | . . . . 1 Potential Cave-ins . | . . . . . Cave-ins Triggered . | . . . . . Exploration Rate (%) 29 | 3 27 32 35 49 Regions Visited 4 Branch Regions 1 Pre-discovered Areas 1 | . . . 1 . Known Exits Taken . | . . . . . Unknown Exits Taken 4 | 1 1 1 1 . Scrap Searched 3 | . . . 3 . Spaces Dug . | . . . . . Terrain Destroyed 98 | . . . . 98 Melee . | . . . . . Projectile 1 | . . . . 1 AOE 97 | . . . . 97 Terrain Rammed . | . . . . . Walls Destroyed . | . . . . . Machines Disabled . | . . . . . Actions | -11 -10 -9 -9 -8 --------- Run | Yrd Mat Mat Min Mat Total 1313 | 63 295 242 148 565 Wait 15 | . . . 1 14 Move 1155 | 58 249 225 130 493 Hop 1 | . . . . 1 Pick Up 20 | . 9 . 1 10 Fast Attach 18 | 5 2 2 3 6 Attach 10 | . 1 1 2 6 Detach 1 | . . . . 1 Swap 6 | . 1 2 . 3 Drop 15 | . 3 4 2 6 Fire 36 | . 13 2 . 21 Melee 30 | . 17 6 7 . Ram 6 | . . . 2 4 Kick . | . . . . . Crush . | . . . . . Escape Stasis . | . . . . . Rewire . | . . . . . Trap . | . . . . . Miscellaneous . | . . . . . Route ------- -11/Scrapyard -10/Materials -9/Materials -9/Mines -8/Materials (discovered 1 exit: [*Fac]) History --------- Turn | Location | Event 5 | -11/Scrapyard | Discovered new exit (range 16) 75 | -11/Scrapyard | Entered Materials 323 | -10/Materials | Build established: Mutant 397 | -10/Materials | Core integrity fell below 50% 437 | -10/Materials | Discovered new exit (range 6) 441 | -10/Materials | Entered another Materials area 441 | -9/Materials | Evolved 2 slots: Power x2 601 | -9/Materials | Core integrity fell below 50% 614 | -9/Materials | Discovered new exit (range 5) 616 | -9/Materials | Entered Mines 617 | -9/Mines | Learned location of Storage (-7) 619 | -9/Mines | Learned Materials garrison access intel 648 | -9/Mines | Core integrity fell below 20% 667 | -9/Mines | Learned Materials trap positions 695 | -9/Mines | Discovered new exit (range 14) 701 | -9/Mines | Entered Materials 701 | -8/Materials | Evolved 2 slots: Propulsion x2 702 | -8/Materials | Loaded intel: 19 trap records 703 | -8/Materials | Loaded intel: 1 garrison access location 981 | -8/Materials | Core integrity fell below 50% 1039 | -8/Materials | Core integrity fell below 20% 1040 | -8/Materials | Discovered new exit (range 10) 1041 | -8/Materials | Destroyed by Y-45 Defender with Heavy Assault Rifle Last Messages --------------- Dispatching Investigation squad. [Achievement: Party Time] Acquired Imp. Light Armor Plating. T-07 Excavator is excavating. Connecting with Terminal... >>Traps(Disarm) Disarmed 1 Alarm Trap. T-07 Excavator is excavating. O-16 Technician sends out distress signal. O-16 Technician: "IFF HANDSHAKE FAILED. SECURING TERMINAL." ALERT: Hostiles spotted, dispatching reinforcements to Terminal M003. S-10 Pest destroyed. Xenon Bombardment Thruster destroyed. ALERT: Hostiles spotted, dispatching reinforcements to Terminal M009. Critical hit (Burn: +37). Slammed into G-47 Trooper. EXIT=FOUND Map ----- +----------------------------------------------------+ | # """"" !##### #??????????????? | | ##### """"" #????????????? ####????????? | | ??# # ############# !##???????? | | ?# !#???????? | | ?# # !#???????? | | ??### ################/####### !#???????? | | ????# # [ ?????????#! #??????????????? | | ????# # ?????????# #??????????????? | | ????# # ""????????# """#??????????????? | | ????# # """#??????# """#??????????????? | | ????# # """#??????# """#??????????????? | | ????# # #??????# """#??????????????? | | ????# # """######## """#??????????????? | | ##### # """# ## #??????????????? | | # """# ## #??????????????? | | # + ] / ######?????????? | | # # ## # ?????????? | | +### / # ###+##### ?????????? | | ?? # ######## ## ## ?????????? | | ?? # # # ## s ## ?????????? | | ?? # # """ # ## s ## """ ?????????? | | ?? # # """ # ## sY ## """ ?????????? | | ?? # # """ # ## ## """ ?????????? | | ?? # # # ## ## ?????????? | | ?? # # """ # #######/######+#????????? | | ?? # # """ # g g@g #?????? | | ??## # """ + gg < #?????? | | ??## # # T """ #?????? | | ?? # """ # """ #######?????? | | ?? # """ # w """Y #?#?????????? | | ?? # """ # #?#?????????? | | ??###### # / ###?????????? | | ???????######## #?????????? | | ??????????????# +?????????? | | ??????????????# #?????????? | | ???????######## #####+####+####?????????? | | ???????# # # #! !##?????????? | | ???????# # # # ##?????????? | | ???????# """ + / """ # """ #??????????? | | ???????# """ # # """ + """ #??????????? | | ???????# """ # # """ # """ #??????????? | | ???????# # # # ###########? | | ???????######## ###########/## #? | | ??????????????# # # ## #? | | ??????????????# # # ## """"""" #? | | ??????????????# / # ## """"""" #? | | ??????????????# # # ## """"""" #? | | ??????????????# # # ## """"""" #? | | ??????????????# # # ## """"""" #? | | ??????????????# # # ## #? | +----------------------------------------------------+ Best States ------------- Heat Dissipation 50 Energy Generation 19 Energy Capacity 430 Matter Stores 300 Matter Capacity 300 Sight Range 16 Terrain Scan Density 10 Weapon Shielding 66 Evasion (%) 63 Targeting Accuracy 8 Item Schematics ----------------- None Robot Schematics ------------------ None Fabricated ------------ Nothing Repaired ---------- Nothing Alien Tech Used ----------------- None Achievements -------------- Ambidextrous Party Time Challenges ------------ None Game ------ Seed CoreDirtyReconstructor Manual? 0 Play Time 00:23:42 Cumulative 6.1 hours Start 2025.07.31 @ 08:34:48 End 2025.07.31 @ 08:57:35 Sessions 1 Manual Loads 0 Difficulty Rogue Special Mode None Game No. 10 Rogue 8 Adventurer 0 Explorer 2 Win Type - Total 0 Types 0/0/0/0/0/0/0/0/0/0 Lore% 4 Gallery% 14 Achievement% 16 Wizard Run 0 Options --------- Layout 1 ASCII 0 Keyboard 0 Movement Numpad Keybinds 0 Fullscreen 1 Font 24/Smallcaps Map View 50x35 Zoom Use 0% Tactical HUD 0 Map Filters NONE Filters NONE Steam 1 RUN: c6156aee-9853-4789-b684-675a01ed629f